 Dungeon Crawl Stone Soup version 0.31-a0-636-ge1c0e020e0 (webtiles) character file.

Game seed: 7531022010300250407

235 AtlasWard the Chopper (level 5, -3/47 HPs)
             Began as a Draconian Monk on Aug 26, 2023.
             Slain by Edmund
             ... wielding a +0 flail of protection
              (7 damage)
             ... on level 4 of the Dungeon.
             The game lasted 00:04:32 (2274 turns).

AtlasWard the Chopper (Draconian Monk)              Turns: 2274, Time: 00:04:32

Health: -3/47      AC:  6    Str: 16    XL:     5   Next: 76%
Magic:  5/5        EV: 12    Int: 10    God:
Gold:   152        SH:  5    Dex: 13    Spells: 4/4 levels left

rFire   . . .        a - +1 hand axe
rCold   . . .        (no shield)
rNeg    + . .        (body armour unavailable)
rPois   .            (helmet restricted)
rElec   .            (no cloak)
rCorr   .            i - +0 pair of gloves
SInv    .            (no boots)
Will    .....        r - amulet of reflection
Stlth   +            l - ring of positive energy
HPRegen 0.27/turn    (no ring)
MPRegen 0.09/turn

%: reflection
@: invisible
A: AC +5, unfitting armour, cold-blooded
a: no special abilities


You were on level 4 of the Dungeon.
You visited 1 branch of the dungeon, and saw 4 of its levels.

You collected 152 gold pieces.

Inventory:

Hand Weapons
 a - a +1 hand axe (weapon)
Missiles
 h - 4 poisoned darts (quivered)
 k - 6 darts of dispersal
 m - 6 javelins
Armour
 c - an orb of light
 i - a +0 pair of gloves (worn)
Jewellery
 l - a ring of positive energy (left hand)
 r - an amulet of reflection (around neck)
Wands
 q - a wand of flame (18)
Scrolls
 f - 2 scrolls of teleportation {unknown}
 g - 2 scrolls of identify {unknown}
 j - 2 scrolls of vulnerability {unknown}
 n - a scroll of revelation {unknown}
 o - a scroll of enchant armour {unknown}
Potions
 b - a potion of ambrosia
 e - a potion of curing {unknown}
 p - a potion of resistance {unknown}
 s - a potion of heal wounds {unknown}


   Skills:
 + Level 4.9 Fighting
 * Level 5.6 Axes
 - Level 2.6 Dodging


You had 4 spell levels left.
You didn't know any spells.
Your spell library contained the following spells:

 Spells                   Type           Power      Damage    Failure   Level
 Apportation              Tloc           0%         N/A       36%         1
 Magic Dart               Conj           0%         1d3       36%         1
 Necrotise                Necr           0%         1d4       36%         1
 Summon Small Mammal      Summ           0%         N/A       36%         1
 Searing Ray              Conj           0%         2d4       50%         2
 Vampiric Draining        Necr           0%         2d6       75%         3
 Fulminant Prism          Conj/Hex       0%         3d5       98%         4
 Agony                    Necr           0%         N/A       100%        5


Dungeon Overview and Level Annotations

Branches:
Dungeon (4/15)
 Temple: D:4-7

Altars:

Shops:
D:1 [   D:2 *

Annotations:
D:4 Edmund


Innate Abilities, Weirdness & Mutations

Your plain brown scales are hard. (AC +5)
You cannot fit into any form of body armour.
You are cold-blooded and may be slowed by cold attacks.


Message History

Okay, then.
The iguana hisses menacingly.
The iguana misses you.
You start removing your armour.
You continue taking off your orb of light.
The iguana bites you!
* * * LOW HITPOINT WARNING * * *
You continue taking off your orb of light.
The iguana misses you.
You continue taking off your orb of light.
The iguana misses you.
You continue taking off your orb of light.
Edmund says, "People think my brother is the best.
I think he's crazy."
The iguana closely misses you.
You finish taking off your orb of light.
Unknown command.
Unknown command.
Unknown command.
You hit Edmund but do no damage.
Edmund is moderately wounded.
Edmund misses you.
You hit Edmund but do no damage. You tail-slap Edmund, but do no damage.
Edmund is moderately wounded.
Edmund says, "I might not be good at magic, but I can still kill you!"
Edmund barely misses you.
You barely miss Edmund.
Edmund is moderately wounded.
Edmund hits you with a +0 flail of protection.
* * * LOW HITPOINT WARNING * * *
You completely miss Edmund.
Edmund is moderately wounded.
Edmund closely misses you.
You closely miss Edmund.
Edmund is moderately wounded.
Edmund barely misses you.
You hit Edmund but do no damage.
Edmund is moderately wounded.
Edmund hits you with a +0 flail of protection!
You die...
Edmund says, "That'll show my brother!"

#.# #.....#.# #.###......##
#.#........... #.....###.....
##....#.# #.... #....#..# #...
##.###...# #.# #†...##### ###
#### #†#..#.### #@###..#
#.#......## ##@#...##
#.###.#...# ##l#...## #.
#.#...# #......# #. #.#...#
#.###.##
#.###.##.########.###.########
............##................
####.#..##....##.......######
#.#..########.##..#.#


You could see Edmund (unable to see you) and an iguana (unable to see you).

Vanquished Creatures
  A scorpion (D:4)
  Ijyb (D:4)
  An iguana (D:4)
  6 adders
  3 dart slugs
  4 endoplasms
  4 giant cockroaches
  5 goblins
  7 hobgoblins
  8 jackals (D:4)
  2 quokkas
  6 ball pythons
  7 bats
  2 frilled lizards
  A kobold (D:1)
  5 rats
63 creatures vanquished.

Notes
Turn   | Place    | Note
-------+----------+-------------------------------------------
     0 | D:1      | AtlasWard the Draconian Monk began the quest for the Orb.
     0 | D:1      | Reached XP level 1. HP: 19/19 MP: 1/1
   204 | D:1      | Reached XP level 2. HP: 25/26 MP: 2/2
   487 | D:1      | Found Vicaid's Armour Emporium.
   782 | D:2      | Found Emeal's Assorted Antiques.
   818 | D:2      | Reached XP level 3. HP: 13/33 MP: 3/3
   832 | D:2      | Reached skill level 4 in Axes
  1599 | D:3      | Reached XP level 4. HP: 40/40 MP: 4/4
  1810 | D:4      | Noticed Ijyb
  1873 | D:4      | Killed Ijyb
  1896 | D:4      | Noticed a scorpion
  1946 | D:4      | Reached XP level 5. HP: 46/47 MP: 5/5
  1948 | D:4      | Reached skill level 5 in Axes
  2219 | D:4      | Noticed Edmund
  2249 | D:4      | HP: 2/47 [iguana (7)]
  2274 | D:4      | Slain by Edmund

Illustrated notes

Levels and vault maps discovered:
D:1:      dpeg_arrival_tiny_a, layout_loops_ring, serial_shops, shop
D:2:      layout_loops_ring, serial_shops, shop_fountains
D:3:      layout_basic
D:4:      layout_loops_ring, kennysheep_crisscross,
          hangedman_decor_diamond_cutter, uniq_edmund, uniq_ijyb

Skill      XL: |  1  2  3  4  5 |
---------------+----------------+-----
Axes           | 4 5 |  5.6
Fighting       | 4 |  4.9
Dodging        | |  2.6

Action                     |  1- 3 |  4- 6 || total
---------------------------+-------+-------++-------
  Melee: Hand axe          |   105 |    97 ||   202
         Tailslap          |    14 |    17 ||    31
  Throw: Dart              |     1 |     3 ||     4
    Use: Scroll            |       |     1 ||     1
         Potion            |       |     1 ||     1
 Armour: Skin              |    41 |    18 ||    59
  Dodge: Dodged            |    70 |    66 ||   136
  Block: Orb               |       |     4 ||     4

Table legend: (Time is in decaauts)
 A = Elapsed time spent in this place.
 B = Non-inter-level travel time spent in this place.
 C = Inter-level travel time spent in this place.
 D = Time resting spent in this place.
 E = Time spent auto-exploring this place.
 F = Levels seen in this place.
 G = Mean time per level.
                   A        B        C        D        E       F      G
               +--------+--------+--------+--------+--------+-----+--------+
         Total |   2293 |   2131 |    162 |     28 |   1625 |   4 |  573.2 |
       Dungeon |   2293 |   2131 |    162 |     28 |   1625 |   4 |  573.2 |
               +--------+--------+--------+--------+--------+-----+--------+

Top non-repeatable levels by time:
     D:1: 788 daAuts
     D:2: 695 daAuts
     D:3: 418 daAuts
     D:4: 390 daAuts
